 Dungeon Crawl Stone Soup version 0.19.5 (webtiles) character file.

60 QuCean the Cutter (level 4, -3/29 HPs)
             Began as a Kobold Berserker on May 8, 2017.
             Was a Follower of Trog.
             Slain by a gnoll
             ... wielding a +0 whip
              (6 damage)
             ... on level 2 of the Dungeon.
             The game lasted 00:07:17 (1517 turns).

QuCean the Cutter (Kobold Berserker)                Turns: 1517, Time: 00:07:18

Health: -3/29      AC:  2    Str: 14    XL:     4   Next: 24%
Magic:  4/4        EV: 16    Int:  8    God:    Trog [*.....]
Gold:   93         SH:  0    Dex: 15    Spells: 0 memorised, 3 levels left

rFire  . . .     SeeInvis .     f - +2 short sword (flame)
rCold  . . .     Gourm    .     b - +0 animal skin
rNeg   . . .     Faith    .     (shield restricted)
rPois  .         Spirit   .     (no helmet)
rElec  .         Reflect  .     (no cloak)
rCorr  .         Harm     .     (no gloves)
MR     .....                    (no boots)
Stlth  ++........               (no amulet)
                                (no ring)
                                (no ring)

@: no status effects
A: carnivore 3
a: Berserk, Burn Spellbooks, Renounce Religion


You were on level 2 of the Dungeon.
You worshipped Trog.
Trog was aware of your devotion.
You were not hungry.

You visited 1 branch of the dungeon, and saw 2 of its levels.

You collected 93 gold pieces.

Inventory:

Hand Weapons
 a - a +0 short sword
 e - a cursed -3 short sword
 f - a +2 short sword of flaming (weapon)
 r - a +1 short sword of draining
Armour
 b - a +0 animal skin (worn)
Scrolls
 d - 2 scrolls of identify {unknown}
 j - a scroll of fog {unknown}
 o - a scroll of enchant weapon {unknown}
 q - a scroll of teleportation {unknown}
Potions
 g - 2 potions of heal wounds {unknown}
 i - a potion of might {unknown}
 k - a potion of brilliance {unknown}
 n - 2 potions of magic {unknown}
 p - a potion of curing {unknown}
Comestibles
 c - 2 meat rations
 h - a slice of pizza
 m - a beef jerky
 s - 2 inedible chunks of flesh


   Skills:
 + Level 3.8 Fighting
 + Level 4.9 Short Blades
 + Level 1.7 Armour
 + Level 3.3 Dodging
 + Level 1.1 Stealth


You had 3 spell levels left.
You didn't know any spells.

Dungeon Overview and Level Annotations

Branches:
Dungeon (2/15)

Altars:


Innate Abilities, Weirdness & Mutations

You are small and have problems with some larger weapons.
You are carnivorous and can eat meat at any time.


Message History

You kill the gnoll!
Trog accepts your kill. The gnoll hits you with a whip.
The gnoll hits you with a flail.
You barely miss the gnoll. The gnoll misses you.
The gnoll hits you with a flail. The gnoll hits you with a club!
* * * LOW HITPOINT WARNING * * *
Found a blackened onyx ring.
You hit the gnoll. You burn the gnoll.
The gnoll is heavily wounded.
The gnoll misses you.
You hit the gnoll. You burn the gnoll.
The gnoll is severely wounded.
The gnoll closely misses you.
You hit the gnoll. You burn the gnoll.
The gnoll is almost dead.
The gnoll closely misses you.
You barely miss the gnoll.
The gnoll is almost dead.
The gnoll hits you with a whip.
You die...

# .. #.# #.#
#.## ...#
#..#
####..###.#
#.@gg....=#
#g##g.#####
#. #..#
...###.##g.#
#.....†....#
...(.?.##.##
##.#### #.#
#.# #.# #.#
#.####


You could see 3 gnolls and a hobgoblin.

Vanquished Creatures
  An adder (D:2)
  A gnoll (D:2)
  2 worms (D:2)
  A leopard gecko (D:2)
  A bat (D:2)
  A giant cockroach (D:2)
  3 goblins
  6 hobgoblins
  6 kobolds
  4 frilled lizards
  10 rats
  2 toadstools (D:1)
38 creatures vanquished.

Vanquished Creatures (others)
  2 toadstools (D:1)
2 creatures vanquished.

Grand Total: 40 creatures vanquished

Notes
Turn   | Place    | Note
-------+----------+-------------------------------------------
     0 | D:1      | QuCean the Kobold Berserker began the quest for the Orb.
     0 | D:1      | Reached XP level 1. HP: 14/14 MP: 1/1
   388 | D:1      | Reached XP level 2. HP: 12/19 MP: 2/2
  1034 | D:2      | Reached XP level 3. HP: 21/24 MP: 3/3
  1084 | D:2      | Found a faded altar of an unknown god.
  1428 | D:2      | Reached skill level 1 in Stealth
  1432 | D:2      | Reached XP level 4. HP: 29/29 MP: 4/4
  1517 | D:2      | Slain by a gnoll

Skill      XL: |  1  2  3 |
---------------+----------+-----
Dodging        | 3 |  3.3
Stealth        | 1 |  1.1
Fighting       | |  3.8
Short Blades   | |  4.9
Armour         | |  1.7

Action                   |  1- 3 |  4- 6 || total
-------------------------+-------+-------++-------
Melee: Short sword       |    88 |    15 ||   103
 Stab: Sleeping          |     1 |       ||     1
  Eat: Chunk             |     5 |       ||     5
Armor: Animal skin       |     3 |     2 ||     5
Dodge: Dodged            |    52 |    11 ||    63
